AoeStats
← GhostyStar1527

Fortress

509424594Analyzed
4v4 RM · 6d ago on Sep 26, 2026· 45m 40s· 8 players
Game mode
Random Map
Map size
Huge
Population
200
Speed
Normal
Resources
Standard
Victory
Conquest
Starting age
Dark Age
Ending age
Imperial Age
RankedLock teamsTeams togetherTeam positionsShared explorationLock speedFull tech treeHidden civsTurbo modeCheats
Victory
Defeat
🇩🇪 Romans · Germany
1009
+12
🇪🇪 Poles · Estonia
887
+17
🇨🇳 Saxons · China
868
+18
🇩🇪 Britons · Germany
865
+17
🇺🇸 Persians · United States
964
-19
🇺🇸 Britons · United States
937
-17
🇺🇸 Varangians · United States
919
-16
🇺🇸 Teutons · United States
810
-12
GhostyStar1527
5:41 Loom
8:01 Feudal Age
8:32 Horse Collar
9:34 Wheelbarrow
8:56 Double-Bit Axe
15:27 Castle Age
13:48 Stone Mining
16:44 Stone Shaft Mining
16:12 Heavy Plow
16:27 Bow Saw
16:00 Light Cavalry
16:52 Bloodlines
18:47 Husbandry
19:58 Hand Cart
30:15 Imperial Age
28:25 Forging
28:19 Fletching
28:30 Padded Archer Armor
29:37 Scale Barding Armor
30:40 Hussar
32:31 Iron Casting
32:40 Bodkin Arrow
33:00 Leather Archer Armor
33:07 Chain Barding Armor
35:13 Blast Furnace
36:33 Gothikon
36:45 Elite Varangian Guard
37:39 Scale Mail Armor
38:23 Squires
38:09 Gambesons
41:45 Elite Jarl
43:30 Plate Barding Armor
43:51 Pikeman
SuperGrizzly221
6:50 Feudal Age
8:27 Double-Bit Axe
11:23 Castle Age
10:34 Horse Collar
16:56 Bow Saw
17:31 Gold Mining
20:25 Town Watch
20:29 Loom
23:04 Husbandry
23:15 Bloodlines
23:15 Scale Barding Armor
23:21 Forging
28:00 Imperial Age
26:14 Wheelbarrow
27:38 Kamandaran
28:43 Conscription
29:43 Chemistry
31:02 Two-Man Saw
30:26 Thumb Ring
29:42 Crossbowman
30:57 Ballistics
30:33 Murder Holes
31:39 Hand Cart
31:40 Fletching
32:26 Iron Casting
31:23 Light Cavalry
33:15 Masonry
33:49 Gold Shaft Mining
33:06 Hussar
33:29 Cavalier
34:19 Caravan
35:06 Town Patrol
36:48 Chain Barding Armor
36:24 Bodkin Arrow
38:27 Blast Furnace
40:58 Savar
Duwart
8:41 Feudal Age
6:57 Loom
9:02 Horse Collar
9:08 Double-Bit Axe
16:05 Castle Age
15:30 Stone Mining
15:31 Gold Mining
18:03 Bow Saw
18:13 Heavy Plow
19:15 Padded Archer Armor
19:06 Fletching
21:51 Wheelbarrow
22:22 Leather Archer Armor
22:02 Bodkin Arrow
23:48 Elite Skirmisher
25:41 Hand Cart
26:38 Town Watch
28:39 Gold Shaft Mining
32:48 Imperial Age
31:43 Yeomen
34:31 Elite Longbowman
35:44 Arson
36:00 Squires
37:01 Ring Archer Armor
36:31 Bracer
36:33 Scale Mail Armor
35:58 Pikeman
37:13 Halberdier
SillyGam3rtag
1:39 Loom
7:15 Feudal Age
7:42 Double-Bit Axe
7:40 Horse Collar
7:49 Town Watch
7:59 Gold Mining
12:06 Wheelbarrow
18:39 Castle Age
17:06 Stone Mining
17:43 Arson
18:07 Scale Mail Armor
18:17 Forging
17:59 Fletching
18:11 Padded Archer Armor
19:35 Bow Saw
19:45 Heavy Plow
21:07 Town Patrol
23:05 Fortified Wall
22:24 Elite Skirmisher
23:57 Squires
23:19 Pikeman
25:51 Stone Shaft Mining
27:04 Hand Cart
27:30 Ballistics
27:34 Bodkin Arrow
33:41 Imperial Age
31:44 Chain Mail Armor
32:18 Iron Casting
32:00 Leather Archer Armor
33:35 Masonry
33:20 Guard Tower
34:59 Crenellations
35:08 Elite Teutonic Knight
35:24 Capped Ram
36:36 Conscription
37:36 Hoardings
40:44 Chemistry
42:46 Plate Mail Armor
43:21 Blast Furnace
44:58 Halberdier
Gangolf Eierschmalz
6:07 Loom
8:56 Feudal Age
9:27 Double-Bit Axe
9:36 Horse Collar
14:29 Castle Age
15:38 Heavy Plow
15:55 Bow Saw
17:02 Pikeman
22:52 Squires
23:03 Scale Mail Armor
23:19 Gold Mining
24:58 Town Watch
25:49 Wheelbarrow
25:52 Ballistics
26:47 Town Patrol
27:58 Hand Cart
28:03 Caravan
32:38 Imperial Age
32:05 Chain Mail Armor
32:01 Forging
31:54 Murder Holes
33:45 Gold Shaft Mining
33:01 Stone Mining
33:17 Halberdier
34:25 Ballistas
35:07 Crop Rotation
34:59 Heavy Scorpion
37:16 Iron Casting
37:17 Siege Engineers
38:14 Chemistry
37:57 Conscription
39:48 Man-at-Arms
40:29 Long Swordsman
41:12 Legionary
45:33 Blast Furnace
44:58 Comitatenses
LordSilwo
7:10 Feudal Age
11:29 Castle Age
9:53 Double-Bit Axe
10:03 Horse Collar
14:13 Wheelbarrow
17:37 Loom
20:51 Bow Saw
20:43 Heavy Plow
24:48 Imperial Age
22:36 Fletching
24:39 Husbandry
24:50 Bloodlines
24:50 Szlachta Privileges
25:37 Ballistics
25:13 Bodkin Arrow
25:27 Murder Holes
26:03 Cavalier
27:12 Conscription
27:52 Hand Cart
28:49 Scale Barding Armor
28:54 Forging
30:31 Chain Barding Armor
31:50 Iron Casting
37:12 Chemistry
36:14 Bracer
36:15 Padded Archer Armor
35:39 Elite Skirmisher
35:39 Crossbowman
36:25 Thumb Ring
39:35 Arbalester
44:07 Blast Furnace
DE_BUZZER
6:01 Loom
7:47 Feudal Age
9:17 Double-Bit Axe
14:45 Castle Age
13:35 Forging
14:12 Horse Collar
14:24 Gold Mining
14:28 Stone Mining
15:54 Bow Saw
16:58 Wheelbarrow
20:36 Iron Casting
22:16 Fletching
23:40 Ballistics
23:08 Town Watch
23:46 Pikeman
25:20 Heavy Plow
25:50 Squires
25:36 Arson
27:00 Gold Shaft Mining
27:22 Hand Cart
31:11 Imperial Age
29:07 Bodkin Arrow
29:13 Padded Archer Armor
30:30 Murder Holes
30:46 Masonry
32:00 Scale Mail Armor
32:16 Leather Archer Armor
31:34 Elite Longbowman
32:37 Conscription
33:21 Chemistry
33:30 Two-Man Saw
33:29 Halberdier
35:09 Architecture
35:45 Ring Archer Armor
35:31 Chain Mail Armor
35:16 Bracer
36:17 Blast Furnace
38:06 Plate Mail Armor
39:11 Yeomen
39:27 Hoardings
40:16 Capped Ram
41:05 Scale Barding Armor
太原老登
6:51 Feudal Age
7:08 Loom
13:27 Castle Age
19:12 Double-Bit Axe
20:09 Horse Collar
24:01 Wheelbarrow
24:46 Murder Holes
24:33 Treadmill Crane
29:32 Imperial Age
27:59 Squires
28:28 Forging
28:18 Scale Mail Armor
28:33 Caravan
30:00 Iron Casting
30:26 Hand Cart
30:23 Heavy Plow
29:51 Elite Varangian Guard
30:16 Arson
31:01 Chain Mail Armor
32:22 Crop Rotation
32:05 Bow Saw
32:28 Plate Mail Armor
32:25 Conscription
32:45 Fortified Wall
32:46 Masonry
32:25 Shield Wall
33:07 Town Watch
33:49 Town Patrol
36:03 Architecture
36:52 Fletching
38:38 Hoardings
37:28 Capped Ram
40:14 Siege Ram
41:46 Bodkin Arrow
42:09 Siege Engineers
Connection lost

Rejoining the realm…

Still unreachable

The connection could not be restored.

Session expired

The server has moved on; the page needs a fresh start.